 Dungeon Crawl Stone Soup version 0.30-a0-782-ge64f9170bb (webtiles) character file.

Game seed: 2314923120584361134

3308 HoaS the Marksminotaur (level 9, 0/68 HPs)
             Began as a Minotaur Hunter on Feb 19, 2023.
             Was an Initiate of Gozag.
             Slain by a green ugly thing (13 damage)
             ... on level 6 of the Dungeon.
             The game lasted 00:15:00 (6800 turns).

HoaS the Marksminotaur (Minotaur Hunter)            Turns: 6800, Time: 00:15:00

Health: 0/68       AC:  8    Str: 15    XL:     9   Next: 70%
Magic:  8/8        EV: 12    Int:  6    God:    Gozag
Gold:   829        SH:  0    Dex: 19    Spells: 8/8 levels left

rFire   + . .      SeeInvis .    h - +0 arbalest (freeze)
rCold   . . .      Faith    .    (shield currently unavailable)
rNeg    . . .      Spirit   .    n - +0 steam dragon scales
rPois   .          Reflect  .    (helmet restricted)
rElec   .          Harm     .    d - scarf {repulsion}
rCorr   .          Rampage  .    (no gloves)
Will    +....                    o - +2 pair of boots
Stlth   ++                       f - amulet of the acrobat
HPRegen 0.31/turn                i - ring of protection from fire
MPRegen 0.11/turn                m - ring of willpower

@: lethally poisoned (0 -> -25), repel missiles
A: horns 2, retaliatory headbutt
a: Renounce Religion, Potion Petition, Call Merchant, Bribe Branch


You were on level 6 of the Dungeon.
You worshipped Gozag.
Gozag was pleased with you.
You visited 2 branches of the dungeon, and saw 8 of its levels.
You also visited: Ossuary.

You collected 1027 gold pieces.
You spent 101 gold pieces at shops.
You paid 97 gold pieces to Gozag.

Inventory:

Hand Weapons
 h - a +0 arbalest of freezing (weapon)
Missiles
 g - a throwing net
Armour
 d - a scarf of repulsion (worn)
 n - +0 steam dragon scales (worn)
 o - a +2 pair of boots (worn)
Jewellery
 f - an amulet of the acrobat (around neck)
 i - a ring of protection from fire (left hand)
 m - a ring of willpower (right hand)
 p - a ring of protection from fire
 w - a ring of wizardry
Wands
 k - a wand of flame (20)
Scrolls
 b - 2 scrolls of immolation
 c - a scroll of fog
 q - a scroll of fear
 t - a scroll of blinking
 x - 2 scrolls of identify
 y - a scroll of vulnerability {unknown}
 z - a scroll of torment {unknown}
Potions
 a - a potion of cancellation {unknown}
 e - 9 potions of curing
 j - a potion of flight
 l - 4 potions of mutation
 r - 2 potions of invisibility
 s - a potion of heal wounds
 u - a potion of resistance {unknown}
 v - a potion of haste


   Skills:
 - Level 2.4 Fighting
 + Level 15.3 Ranged Weapons
 - Level 2.1 Dodging
 - Level 0.7 Stealth


You had 8 spell levels left.
You didn't know any spells.
Your spell library contained the following spells:

 Spells                   Type           Power      Damage    Failure   Level
 Magic Dart               Conj           0%         1d3       45%         1
 Summon Small Mammal      Summ           0%         N/A       45%         1
 Call Imp                 Summ           0%         N/A       58%         2
 Ensorcelled Hibernation  Hex/Ice        0%         N/A       58%         2
 Passwall                 Tmut/Erth      0%         N/A       58%         2
 Call Canine Familiar     Summ           0%         N/A       83%         3
 Mephitic Cloud           Conj/Pois/Air  0%         N/A       83%         3
 Spider Form              Tmut/Pois      0%         N/A       83%         3
 Summon Guardian Golem    Hex/Summ       0%         N/A       83%         3
 Swiftness                Air            0%         N/A       83%         3
 Anguish                  Hex/Necr       0%         N/A       99%         4


Dungeon Overview and Level Annotations

Branches:
Dungeon (7/15)             Temple (1/1) D:5         Ossuary (visited)

Altars:
Ashenzari
Dithmenos
Elyvilon
Fedhas
Gozag
Hepliaklqana
Kikubaaqudgha
Makhleb
Nemelex Xobeh
Okawaru
Qazlal
Ru
Sif Muna
Trog
Uskayaw
Vehumet
Wu Jian
Xom
Yredelemnul
Zin
The Shining One

Shops:
D:2 :(*!(

Annotations:
D:6 exclusion: oklob plant


Innate Abilities, Weirdness & Mutations

You have a pair of horns on your head.
You reflexively headbutt those who attack you in melee.


Message History

There is a stone staircase leading down here.
You shoot a bolt.
The bolt barely misses the green ugly thing.
You feel very sick. The green ugly thing punches you!
You shoot a bolt. The bolt hits the green ugly thing!!
The bolt freezes the green ugly thing.
The green ugly thing is moderately wounded.
You feel very sick.
The green ugly thing closely misses you.
You furiously retaliate!
You headbutt the green ugly thing! The green ugly thing barely misses you.
You shoot a bolt.
The bolt closely misses the green ugly thing.
You feel very sick.
The green ugly thing completely misses you.
You furiously retaliate!
You headbutt the green ugly thing! You shoot a bolt.
The bolt closely misses the green ugly thing.
You feel very sick. The green ugly thing punches you.
You shoot a bolt.
The bolt barely misses the green ugly thing.
You feel sick. The green ugly thing punches you!
* * * LOW HITPOINT WARNING * * *
You are lethally poisoned!
The green ugly thing poisons you!
You shoot a bolt. The bolt hits the green ugly thing!
The bolt freezes the green ugly thing.
The green ugly thing is severely wounded.
* * * LOW HITPOINT WARNING * * *
You feel extremely sick. The green ugly thing punches you.
* * * LOW HITPOINT WARNING * * *
You feel much better.
* * * LOW HITPOINT WARNING * * *
You feel extremely sick. The green ugly thing punches you!
You die...
Your body crumbles into a pile of gold.

#.# ###... #.# ##... #.# ###...)
#.# #...... #.# ####......
#.##############.......[.
#........##..............
#........................
#.......@................
#.......u....##.###......
########.........#####.##.......
#............[######............
#..........####.[#..............
#.......####.#.#.###.........###
#.#######.#..#...###.........# #
#.####.#...#...#.##.......#..###
#........#...#.....).....###....


You could see a green ugly thing.

Vanquished Creatures
  Pikel (D:5)
  A wyvern (D:5)
  2 steam dragons
  A water moccasin (D:7)
  3 sky beasts
  A black bear (D:7)
  4 ogres
  2 centaurs
  2 lemures (D:5)
  A kobold brigand (D:5)
  A bullfrog (D:6)
  A necrophage (D:6)
  An elf zombie (Ossuary)
  5 scorpions
  2 howler monkeys (D:7)
  3 centaur zombies (Ossuary)
  2 human zombies (Ossuary)
  A jelly (D:7)
  4 hounds
  4 orc priests
  5 iguanas
  An orc wizard (D:7)
  2 mummies (Ossuary)
  Robin (D:3)
  7 gnolls
  An adder (D:6)
  A shadow imp (D:7)
  A white imp (D:6)
  2 ufetubi
  2 worms
  4 dart slugs
  24 orcs
  8 ball pythons
  9 endoplasms
  4 giant cockroaches
  13 goblins
  8 hobgoblins
  2 jackals (D:2)
  4 quokkas
  5 bats
  A frilled lizard (D:3)
  2 goblin zombies (Ossuary)
  11 hobgoblin zombies (Ossuary)
  2 jackal zombies (Ossuary)
  9 kobolds
  7 kobold zombies (Ossuary)
  9 orc zombies (Ossuary)
  4 rats
191 creatures vanquished.

Notes
Turn   | Place    | Note
-------+----------+-------------------------------------------
     0 | D:1      | HoaS the Minotaur Hunter began the quest for the Orb.
     0 | D:1      | Reached XP level 1. HP: 18/18 MP: 0/0
   175 | D:1      | Reached XP level 2. HP: 25/25 MP: 1/1
   277 | D:1      | Reached skill level 5 in Ranged Weapons
   889 | D:2      | Found Jickoch's Book Emporium.
   909 | D:2      | Reached XP level 3. HP: 30/30 MP: 2/2
  1099 | D:2      | Reached skill level 6 in Ranged Weapons
  1216 | D:2      | Found Tatsau's Antique Weapon Boutique.
  1268 | D:2      | Found Qofistro's General Store.
  1375 | D:2      | Found Poosodad's Distillery.
  1523 | D:2      | Found Axann's Weapon Emporium.
  1566 | D:2      | Reached XP level 4. HP: 37/37 MP: 3/3
  1566 | D:2      | Found an ancient bone altar of Kikubaaqudgha.
  2267 | D:3      | Noticed Robin
  2300 | D:3      | Reached skill level 7 in Ranged Weapons
  2300 | D:3      | Reached XP level 5. HP: 41/42 MP: 4/4
  2304 | D:3      | Killed Robin
  2773 | D:4      | Identified the +3 leather armour "Woarphihy" {Will- Regen+
                  | Str+9 Slay-5}
  2795 | D:4      | Noticed a steam dragon
  2820 | D:4      | Killed a steam dragon
  2821 | D:4      | Reached skill level 8 in Ranged Weapons
  2821 | D:4      | Reached XP level 6. HP: 9/50 MP: 5/5
  3395 | D:4      | Found an ornate altar of the Wu Jian Council.
  3397 | D:4      | Found an ancient bone altar of Kikubaaqudgha.
  3627 | D:5      | Entered Level 5 of the Dungeon
  3673 | D:5      | Reached skill level 9 in Ranged Weapons
  3798 | D:5      | Reached XP level 7. HP: 48/56 MP: 6/6
  4141 | D:5      | Reached skill level 10 in Ranged Weapons
  4279 | D:5      | Noticed Pikel
  4417 | D:5      | Killed Pikel
  4418 | D:5      | Reached skill level 11 in Ranged Weapons
  4418 | D:5      | Reached XP level 8. HP: 58/62 MP: 7/7
  4430 | D:5      | Identified the +3 long sword of Domination {flame, Int+3}
  4473 | D:5      | Found a staircase to the Ecumenical Temple.
  4502 | D:5      | Reached skill level 12 in Ranged Weapons
  4510 | Temple   | Entered the Ecumenical Temple
  4578 | Temple   | Became a worshipper of Gozag Ym Sagoz the Greedy
  5043 | D:2      | Bought a +0 arbalest of freezing for 101 gold pieces
  5268 | D:6      | Reached skill level 13 in Ranged Weapons
  5299 | D:6      | Reached XP level 9. HP: 53/68 MP: 8/8
  5449 | D:6      | Found a sparkling altar of Nemelex Xobeh.
  5531 | D:6      | Found a bloodstained altar of Trog.
  5589 | D:6      | Found a glowing golden altar of the Shining One.
  5695 | D:6      | Found a blossoming altar of Fedhas.
  5709 | D:6      | Noticed an oklob plant
  5876 | D:7      | Reached skill level 14 in Ranged Weapons
  6167 | D:7      | Found a sand-covered staircase.
  6172 | Ossuary  | Entered an ossuary
  6568 | Ossuary  | Reached skill level 15 in Ranged Weapons
  6772 | D:7      | Noticed a green ugly thing
  6772 | D:7      | Noticed a brown ugly thing
  6799 | D:6      | HP: 3/68 [green ugly thing (1)]
  6800 | D:6      | Slain by a green ugly thing

Illustrated notes

Levels and vault maps discovered:
D:1:      lemuel_arrival_funnel, layout_basic, dreamdust_princess_corridor
D:2:      layout_loops_corners, basic_altar, serial_shops, nicolae_shop_crystal,
          nicolae_lakefront_shop, nicolae_shop_statue_plus, shop, shop
D:3:      layout_basic, serial_corexii_hall, corexii_hall_statues_u,
          corexii_hall_statues_u, uniq_robin
D:4:      layout_basic, nicolae_overflow_squiral
D:5:      layout_loops_cross, minmay_temple_entry_stoned_glass, kennysheep_nub,
          minmay_small_thing, uniq_pikel
D:6:      minmay_spotlight, layout_rooms, mainiacjoe_overflow_brackets,
          nemelex_diamond_rough_becter, trog_book, tgw_fedhas
D:7:      minmay_the_grid_octo_tiled_octocenter
          [minmay_the_grid_octo_tetromino_candy, minmay_the_grid_octo_clover,
          minmay_the_grid_octo_toaster, minmay_the_grid_octo_focus,
          minmay_the_grid_octo_prize_star, minmay_the_grid_square_5x5_forky,
          minmay_the_grid_square_5x5_sharp_hourglass,
          minmay_the_grid_square_5x5_corner, minmay_the_grid_square_5x5_empty],
          layout_basic, enter_ossuary_2
Temple:   nicolae_temple_no_exploring_needed

Skill      XL: |  1  2  3  4  5  6  7  8  9 |
---------------+----------------------------+-----
Ranged Weapons | 5 6 7 8 9 11 13 15 | 15.3
Fighting       | |  2.4
Dodging        | |  2.1
Stealth        | |  0.7

Action                     |  1- 3 |  4- 6 |  7- 9 || total
---------------------------+-------+-------+-------++-------
   Fire: Shortbow          |   112 |   156 |   130 ||   398
         Arbalest          |       |       |   217 ||   217
    Use: Scroll            |     5 |     8 |     7 ||    20
         Potion            |       |     1 |     2 ||     3
 Armour: Leather armour    |     5 |    11 |       ||    16
         Steam dragon scal |       |     3 |    57 ||    60
  Dodge: Dodged            |    32 |    38 |   115 ||   185
         Repelled          |     3 |     1 |       ||     4

Table legend: (Time is in decaauts)
 A = Elapsed time spent in this place.
 B = Non-inter-level travel time spent in this place.
 C = Inter-level travel time spent in this place.
 D = Time resting spent in this place.
 E = Time spent auto-exploring this place.
 F = Levels seen in this place.
 G = Mean time per level.
                   A        B        C        D        E       F      G
               +--------+--------+--------+--------+--------+-----+--------+
         Total |   6864 |   6444 |    420 |   1245 |   3954 |   9 |  762.7 |
       Dungeon |   6293 |   5886 |    407 |   1030 |   3776 |   7 |  899.0 |
        Temple |     75 |     62 |     13 |     61 |      0 |   1 |   75.0 |
       Ossuary |    496 |    496 |      0 |    154 |    178 |   1 |  496.0 |
               +--------+--------+--------+--------+--------+-----+--------+

Top non-repeatable levels by time:
     D:5: 1191 daAuts
     D:2: 1111 daAuts
     D:4: 990 daAuts
     D:1: 939 daAuts
     D:3: 809 daAuts
     D:6: 701 daAuts
     D:7: 547 daAuts
 Ossuary: 496 daAuts
  Temple: 75 daAuts
